 Dungeon Crawl Stone Soup version 0.27.1-1-g398f81649c (webtiles) character file.

Game seed: 17353771281847202951

883 bnorton916 the Conjurer (level 7, -1/36 HPs)
             Began as a Deep Elf Conjurer on Sept 19, 2021.
             Shot with an arrow by a centaur (6 damage)
             ... on level 6 of the Dungeon.
             The game lasted 00:04:44 (3496 turns).

bnorton916 the Conjurer (Deep Elf Conjurer)         Turns: 3496, Time: 00:04:44

Health: -1/36      AC:  3    Str:  4    XL:     7   Next: 76%
Magic:  18/18      EV: 12    Int: 25    God:
Gold:   77         SH:  0    Dex: 13    Spells: 4/18 levels left

rFire    . . .     SeeInvis .   (no weapon)
rCold    . . .     Faith    .   (no shield)
rNeg     . . .     Spirit   .   a - +0 robe
rPois    .         Reflect  .   h - +0 helmet
rElec    .         Harm     .   (no cloak)
rCorr    .         Rampage  .   (no gloves)
Will     .....                  (no boots)
Stlth    ++........             (no amulet)
HPRegen  0.12/turn              (no ring)
MPRegen  0.16/turn              (no ring)

@: no status effects
A: no striking features
a: no special abilities


You were on level 6 of the Dungeon.
You visited 1 branch of the dungeon, and saw 4 of its levels.

You collected 77 gold pieces.

Inventory:

Armour
 a - a +0 robe (worn)
 h - a +0 helmet (worn)
Jewellery
 b - a +6 ring of dexterity
 i - a ring of magical power
Wands
 j - a wand of charming (3)
Scrolls
 e - a scroll of vulnerability {unknown}
Potions
 c - a potion of heal wounds {unknown}
 d - a potion of mutation {unknown}
 f - a potion of invisibility {unknown}
 g - a potion of flight {unknown}


   Skills:
 - Level 2.4 Dodging
 - Level 2.4 Stealth
 - Level 6.2 Spellcasting
 - Level 6.3 Conjurations
 + Level 5.2 Hexes
 + Level 4.0 Translocations
 - Level 2.0 Air Magic
 - Level 2.0 Poison Magic


You had 4 spell levels left.
You knew the following spells:

 Your Spells              Type           Power      Damage    Failure   Level
a - Magic Dart            Conj           100%       1d8       1%          1
b - Searing Ray           Conj           78%        3d6       1%          2
c - Fulminant Prism       Conj/Hex       18%        3d11      7%          4
d - Iskenderun's Mystic   Conj/Tloc      33%        2d8       9%          4
e - Mephitic Cloud        Conj/Pois/Air  25%        N/A       5%          3

Your spell library contained the following spells:

 Spells                   Type           Power      Damage    Failure   Level
 Dazzling Flash           Conj/Hex       72%        N/A       1%          3
 Ignite Poison            Fire/Tmut/Pois 11%        N/A       17%         3
 Bolt of Magma            Conj/Fire/Erth 9%         4d7       63%         5


Dungeon Overview and Level Annotations

Branches:
Dungeon (3/15)

Altars:
Nemelex Xobeh


Message History

You hit the bush but do no damage.
The bush is lightly damaged.
You hit the bush but do no damage.
The bush is lightly damaged.
You hit the bush.
The bush is lightly damaged.
You hit the bush but do no damage.
The bush is lightly damaged.
You hit the bush but do no damage.
The bush is lightly damaged.
You hit the bush but do no damage.
The bush is lightly damaged.
You hit the bush but do no damage.
The bush is lightly damaged.
You hit the bush but do no damage.
The bush is lightly damaged.
You hit the bush but do no damage.
The bush is lightly damaged.
You hit the bush but do no damage.
The bush is lightly damaged.
You hit the bush but do no damage.
The bush is lightly damaged.
You hit the bush but do no damage.
The bush is lightly damaged.
You hit the bush but do no damage.
The bush is lightly damaged.
You hit the bush but do no damage.
The bush is lightly damaged.
There is an open door here.
A centaur comes into view.
The centaur wields a +0 shortbow.
The centaur shoots an arrow.
The arrow hits you!
The centaur shoots an arrow.
The arrow closely misses you.
The centaur shoots an arrow.
The arrow hits you!
You hit the bush but do no damage.
The bush is moderately damaged.
The centaur shoots an arrow.
The arrow hits you!
* * * LOW HITPOINT WARNING * * *
The centaur shoots an arrow.
The arrow hits you.
You die... ..#.....# #......#.....# #..... ..#.....# #PPP.PPPPPPPPP#

#..... ).#.....# #P.....†...P.P#
#.....
###.....###PPPPP.PPP.P.P#####.>..
.....###.........P...P.....##....
.....#.....PPPPPPP.PPP.P...#.....
.....#...#.......P.....P...'.....
.....#####.P.PPP.PPPPP.P...######
####... ...P...P@..P.P.P'###.....
#.......P.PPP.PPP.P.P.........
#.......P.P.........P.........
.......P.PPPPPPPPPPP.........
.........#...#....#.........
.....#####c...#######... .##+
..#+## #### ...# ...c#


You could see a centaur.

Vanquished Creatures
  A centaur zombie (D:6)
  A water moccasin (D:6)
  An ice beast (D:6)
  An ogre (D:6)
  A centaur (D:6)
  An iguana (D:6)
  Robin (D:2)
  7 gnolls (D:2)
  2 adders (D:2)
  A worm (D:2)
  A dart slug (D:1)
  An orc (D:2)
  5 ball pythons
  4 endoplasms
  2 giant cockroaches (D:1)
  15 goblins
  6 hobgoblins
  3 quokkas
  5 bats
  5 frilled lizards
  8 kobolds
  3 rats
  A bush (D:6)
76 creatures vanquished.

Notes
Turn   | Place    | Note
-------+----------+-------------------------------------------
     0 | D:1      | bnorton916 the Deep Elf Conjurer began the quest for the
                  | Orb.
     0 | D:1      | Reached XP level 1. HP: 10/10 MP: 6/6
   232 | D:1      | Reached XP level 2. HP: 15/15 MP: 4/8
   364 | D:1      | Found a faded altar of an unknown god.
   668 | D:1      | Learned a level 2 spell: Searing Ray
   970 | D:1      | Reached skill level 5 in Conjurations
   970 | D:1      | Reached XP level 3. HP: 19/19 MP: 7/10
  1235 | D:2      | Found a sparkling altar of Nemelex Xobeh.
  1267 | D:2      | Reached XP level 4. HP: 24/24 MP: 3/12
  1535 | D:2      | Reached skill level 5 in Spellcasting
  1738 | D:2      | Noticed Robin
  1764 | D:2      | Killed Robin
  1765 | D:2      | Reached XP level 5. HP: 24/28 MP: 5/14
  2589 | D:3      | You fall into a shaft and drop 3 floors!
  2589 | D:6      | Noticed a centaur warrior zombie
  2592 | D:6      | Noticed a centaur
  2602 | D:6      | Killed a centaur
  2635 | D:6      | Learned a level 4 spell: Fulminant Prism
  2640 | D:6      | Learned a level 4 spell: Iskenderun's Mystic Blast
  2644 | D:6      | Learned a level 3 spell: Mephitic Cloud
  2762 | D:6      | Killed a centaur warrior zombie
  2763 | D:6      | Reached XP level 6. HP: 22/32 MP: 0/17
  2763 | D:6      | Reached XP level 7. HP: 24/36 MP: 0/18
  3137 | D:6      | Reached skill level 5 in Hexes
  3496 | D:6      | Shot with an arrow by a centaur

Illustrated notes

Levels and vault maps discovered:
D:1:      grunt_arrival_crossed_arrows, layout_loops_ring,
          chequers_ecumenical_altar_simple_redux, minmay_misc_feat_ornament,
          chequers_serial_rivers_micro_e, minmay_misc_feat_five
D:2:      layout_loops_ring, basic_altar, uniq_robin
D:3:      layout_basic, mainiacjoe_overflow_surrounded_room, minmay_starry_boxes
D:6:      layout_gridville, minmay_temple_entry_statues_fountains,
          minmay_hedge_maze, uniq_eustachio

Skill      XL: |  1  2  3  4  5  6  7 |
---------------+----------------------+-----
Spellcasting   | 4 5 6 |  6.2
Conjurations   | 5 6 |  6.3
Hexes          | 3 5 |  5.2
Translocations | 2 4 |  4.0
Air Magic      | 2 |  2.0
Poison Magic   | 2 |  2.0
Dodging        | |  2.4
Stealth        | |  2.4

Action                   |  1- 3 |  4- 6 |  7- 9 || total
-------------------------+-------+-------+-------++-------
Melee: Unarmed           |       |       |    47 ||    47
 Cast: Magic Dart        |    54 |    81 |     7 ||   142
       Searing Ray       |     2 |     8 |     5 ||    15
Armor: Robe              |     1 |     9 |       ||    10
Dodge: Dodged            |       |    11 |     2 ||    13
